 Dungeon Crawl Stone Soup version 0.17-a0-1997-ga88ed7d (webtiles) character file.

175 Ordine the Skirmisher (level 5, -10/38 HPs)
             Began as an Octopode Fighter on Oct 8, 2015.
             Mangled by Undrscore's ghost (13 damage)
             ... on level 4 of the Dungeon.
             The game lasted 00:10:13 (3363 turns).

Ordine the Skirmisher (Octopode Fighter)            Turns: 3363, Time: 00:10:13

Health: -10/38     AC:  1    Str: 20    XL:     5   Next: 55%
Magic:  5/5        EV: 10    Int: 11    God:
Gold:   159        SH:  9    Dex: 12    Spells: 0 memorised, 4 levels left

rFire  . . .     SeeInvis .     a - +0 long sword
rCold  . . .     Clarity  .     b - +0 shield
rNeg   . . .     SustAt   .     (helmet restricted)
rPois  .         Gourm    .     j - amulet of resist corrosion
rElec  .         Spirit   .     (no ring)
rCorr  +         Warding  .     (no ring)
rMut   .         Stasis   .     (no ring)
MR     .....                    (no ring)
Stlth  ++........               (no ring)
                                (no ring)
                                (no ring)
                                (no ring)

@: mighty, not resistant to hostile enchantments, unstealthy
A: almost no armour, amphibious, 8 rings, constrict 8, camouflage 1, gelatinous
body 1
a: no special abilities


You were on level 4 of the Dungeon.
You were hungry.

You visited 1 branch of the dungeon, and saw 4 of its levels.

You collected 159 gold pieces.

Inventory:

Hand Weapons
 a - a +0 long sword (weapon)
Missiles
 r - 100 stones (quivered)
Armour
 b - a +0 shield (worn)
Jewellery
 j - an amulet of resist corrosion (around mantle)
Potions
 c - a potion of might
 e - a potion of poison {unknown}
 h - a potion of flight
 l - 2 potions of curing
 m - a potion of haste
 o - 3 potions of brilliance
 q - a potion of cancellation
Comestibles
 d - 2 bread rations
 f - 2 fruits
 g - 2 meat rations
 n - a beef jerky
 p - 2 royal jellies


   Skills:
 + Level 4.7 Fighting
 + Level 4.2 Long Blades
 - Level 3.0 Dodging
 - Level 3.0 Shields


You had 4 spell levels left.
You didn't know any spells.

Dungeon Overview and Level Annotations

Branches:
Dungeon (4/15)
 Temple: D:4-7

Altars:
Makhleb
Okawaru
Yredelemnul
The Shining One

Annotations:
D:4 Undrscore's ghost, amateur MfGl


Innate Abilities, Weirdness & Mutations

You cannot wear most types of armour.
You are amphibious.
You can wear up to eight rings at the same time.
You can use your tentacles to constrict eight enemies at once.
Your skin changes colour to match your surroundings (Stealth).
Your rubbery body absorbs attacks (AC +1).


Message History

Undrscore's ghost is almost destroyed.
Undrscore's ghost hits you.
* * * LOW HITPOINT WARNING * * *
You closely miss Undrscore's ghost.
Undrscore's ghost is almost destroyed.
Undrscore's ghost completely misses you.
Undrscore's ghost closely misses you.
You miss Undrscore's ghost. Your squeeze misses Undrscore's ghost.
Undrscore's ghost is almost destroyed.
Undrscore's ghost closely misses you.
Drink which item? (? for menu, Esc to quit)
Okay, then.
You closely miss Undrscore's ghost.
Undrscore's ghost is almost destroyed.
Undrscore's ghost barely misses you.
Your shield prevents you from hitting Undrscore's ghost.
You squeeze Undrscore's ghost.
Undrscore's ghost is almost destroyed.
Undrscore's ghost hits you!
You die...

##### #...
#..# # #..#
?##.#
#<.##......
#(W@...#
#.###.##
#.. .. #.#
## #.# #.#
#.# #.


You could see Undrscore's ghost.

Vanquished Creatures
  Crazy Yiuf (D:3)
  Terence (D:2)
  4 adders
  An ooze (D:2)
  2 worms (D:3)
  5 giant geckos
  7 bats
  6 giant cockroaches
  8 goblins
  8 hobgoblins
  4 giant newts
  10 jackals
  5 kobolds
  A quokka (D:3)
  5 rats
68 creatures vanquished.

Notes
Turn   | Place    | Note
--------------------------------------------------------------
     0 | D:1      | Ordine the Octopode Fighter began the quest for the Orb.
     0 | D:1      | Reached XP level 1. HP: 16/16 MP: 1/1
   263 | D:1      | Reached XP level 2. HP: 14/21 MP: 2/2
   991 | D:2      | Reached XP level 3. HP: 24/26 MP: 3/3
  1005 | D:2      | HP: 1/26 [hobgoblin/club (7)]
  1590 | D:2      | Found an iron altar of Okawaru.
  1856 | D:2      | Found a basalt altar of Yredelemnul.
  1857 | D:2      | Found a glowing golden altar of the Shining One.
  1860 | D:2      | Found a burning altar of Makhleb.
  2006 | D:2      | Noticed Terence
  2016 | D:2      | Killed Terence
  2016 | D:2      | Reached skill level 4 in Fighting
  2016 | D:2      | Reached XP level 4. HP: 22/33 MP: 4/4
  2589 | D:3      | Reached XP level 5. HP: 33/37 MP: 5/5
  3031 | D:3      | Noticed Crazy Yiuf
  3044 | D:3      | Paralysed by Crazy Yiuf for 2 turns
  3047 | D:3      | Killed Crazy Yiuf
  3351 | D:4      | Noticed Undrscore's ghost (amateur MfGl)
  3363 | D:4      | Mangled by Undrscore's ghost

Vault maps used:
D:1:      sevenhm_arrival_forest_fort_large_2
D:2:      okawaru_trees_2, minitemple, first_bread, minmay_misc_feat_tiny,
          uniq_terence
D:3:      minmay_vboxes, uniq_crazy_yiuf_cottage

Action                   |  1- 3 |  4- 6 || total
-------------------------+-------+-------++-------
Melee: Long sword        |    89 |    70 ||   159
Throw: Stone             |       |     2 ||     2
       Throwing net      |       |     2 ||     2
  Use: Scroll            |     6 |     4 ||    10
       Potion            |       |     2 ||     2
 Stab: Sleeping          |     4 |     5 ||     9
       Distracted        |       |     1 ||     1
  Eat: Chunk             |     3 |     4 ||     7
